 Dungeon Crawl Stone Soup version 0.31-a0-188-g5e087ee2ca (webtiles) character file.

Game seed: 756923740192602970

15772 qw the Markself (level 12, -3/75 HPs)
             Began as a Deep Elf Hunter on June 23, 2023.
             Was a Priest of Okawaru.
             Killed from afar by a hell hound (15 damage)
             ... with a blast of flame
             ... in a Gauntlet.
             The game lasted 00:05:09 (10614 turns).

qw the Markself (Deep Elf Hunter)                  Turns: 10614, Time: 00:05:10

Health: -3/75      AC: 15    Str: 12    XL:     12   Next: 4%
Magic:  17/18      EV: 27    Int: 16    God:    Okawaru [***...]
Gold:   590        SH:  0    Dex: 18    Spells: 11/11 levels left

rFire   . . .        Y - +4 orcbow (flame)
rCold   . . .        (shield currently unavailable)
rNeg    . . .        g - +0 troll leather armour
rPois   .            f - +2 helmet
rElec   .            i - +2 cloak
rCorr   .            e - +2 pair of gloves
SInv    +            (no boots)
Will    +....        (no amulet)
Stlth   +++          h - ring of see invisible
HPRegen 1.12/turn    a - +5 ring of evasion
MPRegen 0.16/turn

%: no teleportation
@: heroic
A: no striking features
a: Renounce Religion, Heroism


You were in a Gauntlet.
You worshipped Okawaru.
Okawaru was most pleased with you.
You visited 2 branches of the dungeon, and saw 12 of its levels.
You also visited: Gauntlet.

You collected 746 gold pieces.
You spent 156 gold pieces at shops.


   Skills:
 + Level 8.5(13.5) Fighting
 - Level 16.1(21.1) Ranged Weapons
 - Level 3.9(8.9) Armour
 - Level 12.0(17.0) Dodging
 - Level 1.2(6.2) Stealth
 - Level 5.8 Invocations


You had 11 spell levels left.
You didn't know any spells.
Your spell library was empty.

Inventory:

Hand Weapons
 Y - a +4 orcbow of flaming (weapon)
Armour
 e - a +2 pair of gloves (worn)
 f - a +2 helmet (worn)
 g - a +0 troll leather armour (worn)
 i - a +2 cloak (worn)
Jewellery
 a - a +5 ring of evasion (right hand)
 h - a ring of see invisible (left hand)
 o - a +4 ring of protection
Wands
 p - a wand of digging (1)
Scrolls
 c - 3 scrolls of identify
Potions
 b - 3 potions of cancellation
 d - a potion of heal wounds
 j - 3 potions of curing
 l - 2 potions of enlightenment
 m - 3 potions of might
 n - 2 potions of mutation
 q - a potion of haste

Dungeon Overview and Level Annotations

Branches:
Dungeon (11/15)            Temple (0/1) D:6            Lair (1/5) D:11
    Orc (0/2) D:11        Gauntlet (1/1)

Altars:
Cheibriados
Dithmenos
Elyvilon
Fedhas
Gozag
Makhleb
Okawaru
Qazlal
Ru
Sif Muna
Trog
Uskayaw
Wu Jian
Zin
The Shining One

Shops:
D:5 !

Annotations:
D:11 2 runed translucent doors, qw's ghost, journeyman DEHu Gauntlet 21 runed translucent doors, 11 transporters


Message History

The blast of flame engulfs you but does no damage.
You shoot an arrow. The arrow hits the fire bat!
You kill the fire bat!
Okawaru accepts your kill. The fire bat closely misses you.
The hell hound misses you. The fire crab breathes flames at you.
The blast of flame misses you.
You shoot an arrow. The arrow hits the hell hound!
The hell hound is heavily wounded.
You are engulfed in blazing flames.
The hell hound breathes flames at you. The blast of flame misses you.
The fire bat completely misses you.
You shoot an arrow. The arrow barely misses the hell hound.
You are engulfed in blazing flames.
The fire bat barely misses you.
The hell hound stops to sniff the ground.
The hell hound completely misses you. The fire crab completely misses you.
The fire crab barely misses you.
You shoot an arrow.
The arrow closely misses the hell hound.
You are engulfed in blazing flames.
The fire bat bites you but does no damage.
The fire crab barely misses you. x2; The hell hound completely misses you.
10612 ||| DRINKING 2 potions of heal wounds.
You feel much better.
You are engulfed in blazing flames.
The hell hound completely misses you. x2
The fire crab breathes flames at you.
The blast of flame engulfs you but does no damage.
10613 ||| Stepping ~*~*~tactically~*~*~ (cloud).
The fire bat closely misses you. The hell hound barely misses you.
The hell hound closely misses you. The fire crab breathes flames at you.
The blast of flame misses you. The hell hound completely misses you.
You shoot an arrow.
The arrow closely misses the hell hound.
You are engulfed in blazing flames.
The fire bat bites you but does no damage.
The hell hound bites you but does no damage.
The hell hound breathes flames at you. The blast of flame hits you!
You die...

..#^...........^#....¤¤.....#^...
..#######.#######....~8¤....#####
........#.#..........¤~..........
........#.###########...#########
######..#.#.........#...#x#xx#...
#8#..#.#0#b#b#.#.#...#[.#x.#^.
###..#.#h0#t#.#0[#...##..#..#.
#..#.#.#0#b#0#$#...#.#..#..#
###..#^#..#0h@#.^#...#^.#^.#^.
#8#..###.#.#h#0#.#...#.#..#x.#
###....#..#0#.#0=#...##..#x.#x
#....#.#0#.#.#.#...#[.#..#..
###..#.........#...#.#^.#^..
#8#..###########...#########
###........#^#.......#^#....
#~.......#.#..~\~..#.#....
##########.#########.#####


You could see a fire crab, 2 hell hounds and 3 fire bats.

Vanquished Creatures
  A boulder beetle (D:11)
  A two-headed ogre (D:11)
  A soul eater (Gauntlet)
  3 cyclopes (D:11)
  An ice statue (Gauntlet)
  Joseph (Lair:1)
  A black mamba (Lair:1)
  A cane toad (Lair:1)
  Maggie (D:7)
  A rime drake (Gauntlet)
  3 komodo dragons (Lair:1)
  2 hornets
  2 trolls
  3 blink frogs (Lair:1)
  2 fire bats (Gauntlet)
  3 wyverns
  16 yaks
  A steam dragon (D:7)
  Grum (Lair:1)
  3 vampire mosquitoes (D:10)
  Menkaure (D:7)
  Duvessa (D:7)
  2 water moccasins (Lair:1)
  2 orc warriors
  2 black bears (D:6)
  3 wolves
  3 phantoms
  10 centaurs
  A kobold brigand (D:11)
  6 bullfrogs
  3 gnoll sergeants
  3 scorpions
  5 wights (D:9)
  Dowan (D:7)
  15 killer bees
  2 electric eels (D:11)
  2 howler monkeys (D:6)
  6 hounds
  4 jellies
  5 orc priests
  6 iguanas
  Ijyb (D:5)
  11 orc wizards
  6 hell rats (Lair:1)
  15 gnolls
  7 adders
  4 shadow imps (Gauntlet)
  2 ufetubi
  A worm (D:2)
  2 dart slugs
  18 orcs
  8 ball pythons
  A bat (D:2)
  13 endoplasms
  5 giant cockroaches
  7 goblins
  7 hobgoblins
  12 jackals
  9 quokkas
  8 frilled lizards
  14 kobolds
  5 rats
287 creatures vanquished.

Notes
Turn   | Place    | Note
-------+----------+-------------------------------------------
     0 | D:1      | qw the Deep Elf Hunter began the quest for the Orb.
     0 | D:1      | Reached XP level 1. HP: 12/12 MP: 3/3
     0 | D:1      | 0 ||| qw: Version: 0.3-a-9-g12657ce
     0 | D:1      | 0 ||| qw: Game counter: 3896
     0 | D:1      | 0 ||| qw: Always use a shield: true
     0 | D:1      | 0 ||| qw: God list: Okawaru
     0 | D:1      | 0 ||| qw: Allow faded altars: false
     0 | D:1      | 0 ||| qw: Do Orc after D:15 true
     0 | D:1      | 0 ||| qw: Do second Lair branch before Depths: true
     0 | D:1      | 0 ||| qw: Lair rune preference: random
     0 | D:1      | 0 ||| qw: Plans: Normal
     0 | D:1      | 0 ||| PLANNING D:1-11
    39 | D:1      | 39 ||| DROPPING scroll of butterflies.
    63 | D:1      | Reached XP level 2. HP: 16/16 MP: 4/4
    74 | D:1      | Reached skill level 6 in Ranged Weapons
   183 | D:1      | Reached XP level 3. HP: 20/20 MP: 5/5
   183 | D:1      | Found a faded altar of an unknown god.
   456 | D:1      | 456 ||| UPGRADING to +0 pair of gloves.
   461 | D:1      | 461 ||| UPGRADING to ring of see invisible.
   462 | D:1      | 462 ||| READING scroll labelled ZIXAES HAPP.
   463 | D:1      | 463 ||| READING scroll labelled XYMOFU MIDIX.
   464 | D:1      | 464 ||| READING scroll labelled SEKEENEMYD.
   545 | D:2      | Found a white marble altar of Elyvilon.
   554 | D:2      | Reached skill level 7 in Ranged Weapons
   867 | D:2      | 867 ||| UPGRADING to +5 ring of evasion.
  1069 | D:2      | Reached XP level 4. HP: 25/25 MP: 6/6
  1323 | D:2      | 1323 ||| READING scroll labelled EGER WOUBA.
  1377 | D:3      | 1377 ||| Stepping ~*~*~tactically~*~*~ (outnumbered).
  1379 | D:3      | 1379 ||| Stepping ~*~*~tactically~*~*~ (outnumbered).
  1442 | D:3      | Reached skill level 8 in Ranged Weapons
  1537 | D:3      | 1537 ||| READING scroll of enchant armour.
  1537 | D:3      | 1537 ||| ENCHANTING +0 pair of gloves.
  1577 | D:3      | HP: 4/25 [gnoll/+0 flail (10)]
  1728 | D:3      | Reached XP level 5. HP: 28/29 MP: 7/7
  2034 | D:4      | Noticed a phantom
  2052 | D:4      | Killed a phantom
  2053 | D:4      | Reached skill level 9 in Ranged Weapons
  2289 | D:4      | Reached skill level 3 in Dodging
  2289 | D:4      | Reached XP level 6. HP: 29/34 MP: 8/8
  2471 | D:4      | 2471 ||| SWAPPING to +0 orcbow.
  2474 | D:4      | 2474 ||| DROPPING +0 shortbow.
  2649 | D:4      | Found an iron altar of Okawaru.
  2650 | D:4      | 2650 ||| PLANNING OKAWARU WORSHIP
  2650 | D:4      | 2650 ||| UPGRADING to +0 helmet.
  2655 | D:4      | 2655 ||| UPGRADING to +2 cloak.
  2660 | D:4      | 2660 ||| READING scroll labelled DOSEUTHREMO.
  2661 | D:4      | 2661 ||| DRINKING 4 amethyst potions.
  2668 | D:4      | Became a worshipper of Warmaster Okawaru
  2669 | D:4      | 2669 ||| PLANNING D:1-11
  3088 | D:4      | 3088 ||| UPGRADING to +0 ring mail.
  3098 | D:4      | 3098 ||| DROPPING +0 leather armour.
  3110 | D:5      | Entered Level 5 of the Dungeon
  3110 | D:5      | Found Gialec's Distillery.
  3117 | D:5      | 3117 ||| BUYING 2 potions of heal wounds (120 gold).
  3117 | D:5      | Bought 2 potions of heal wounds for 120 gold pieces
  3117 | D:5      | 3117 ||| BUYING potion of curing (36 gold).
  3117 | D:5      | Bought a potion of curing for 36 gold pieces
  3117 | D:5      | 3117 ||| SHOPLISTING potion of enlightenment (60 gold, have
                  | 34).
  3117 | D:5      | 3117 ||| SHOPLISTING potion of heal wounds (60 gold, have
                  | 34).
  3117 | D:5      | 3117 ||| SHOPLISTING potion of might (48 gold, have 34).
  3129 | D:5      | Reached skill level 1 in Armour
  3167 | D:5      | Reached XP level 7. HP: 40/40 MP: 9/9
  3191 | D:5      | Reached skill level 10 in Ranged Weapons
  3232 | D:5      | Found a shadowy altar of Dithmenos.
  3521 | D:5      | Reached * piety under Okawaru
  3557 | D:5      | Noticed Ijyb
  3558 | D:5      | 3558 ||| INVOKING Heroism.
  3569 | D:5      | Killed Ijyb
  3570 | D:5      | Reached skill level 11 in Ranged Weapons
  3635 | D:5      | 3635 ||| READING scroll of enchant armour.
  3635 | D:5      | 3635 ||| ENCHANTING +1 pair of gloves.
  3963 | D:5      | 3963 ||| READING 2 scrolls of enchant weapon.
  3963 | D:5      | 3963 ||| ENCHANTING +1 orcbow.
  3964 | D:5      | 3964 ||| READING scroll of enchant weapon.
  3964 | D:5      | 3964 ||| ENCHANTING +2 orcbow.
  4164 | D:5      | 4164 ||| READING scroll labelled OTOUZO XEMI.
  4165 | D:5      | 4165 ||| READING scroll labelled KISTRO BEIMUERCH.
  4169 | D:5      | 4169 ||| READING scroll labelled UNASATHERIL.
  4170 | D:5      | 4170 ||| DRINKING 2 sapphire potions.
  4171 | D:5      | 4171 ||| DROPPING potion of brilliance.
  4269 | D:6      | Reached skill level 1 in Invocations
  4270 | D:6      | 4270 ||| INVOKING Heroism.
  4274 | D:6      | Reached XP level 8. HP: 45/45 MP: 7/11
  4309 | D:6      | 4309 ||| READING scroll of enchant weapon.
  4309 | D:6      | 4309 ||| ENCHANTING +3 orcbow.
  4337 | D:6      | Reached skill level 12 in Ranged Weapons
  4349 | D:6      | 4349 ||| INVOKING Heroism.
  4408 | D:6      | Reached skill level 3 in Fighting
  4408 | D:6      | Reached skill level 3 in Invocations
  4422 | D:6      | Found a staircase to the Ecumenical Temple.
  4545 | D:6      | 4545 ||| INVOKING Heroism.
  4595 | D:6      | Found a bloodstained altar of Trog.
  4612 | D:6      | Found a shimmering blue altar of Sif Muna.
  4649 | D:6      | 4649 ||| INVOKING Heroism.
  4673 | D:6      | 4673 ||| INVOKING Heroism.
  5054 | D:7      | Reached skill level 13 in Ranged Weapons
  5054 | D:7      | 5054 ||| STAIRDANCE
  5122 | D:7      | Noticed Duvessa
  5122 | D:7      | Noticed Dowan
  5123 | D:7      | 5123 ||| INVOKING Heroism.
  5132 | D:7      | Killed Duvessa
  5133 | D:7      | Killed Dowan
  5162 | D:7      | 5162 ||| READING scroll of enchant armour.
  5162 | D:7      | 5162 ||| ENCHANTING +0 helmet.
  5192 | D:7      | 5192 ||| READING scroll of enchant armour.
  5192 | D:7      | 5192 ||| ENCHANTING +1 helmet.
  5292 | D:7      | Reached XP level 9. HP: 50/50 MP: 14/14
  5295 | D:7      | Noticed Maggie
  5311 | D:7      | 5311 ||| INVOKING Heroism.
  5316 | D:7      | Killed Maggie
  5317 | D:7      | Reached skill level 14 in Ranged Weapons
  5522 | D:7      | 5522 ||| INVOKING Heroism.
  5570 | D:7      | 5570 ||| FLEEEEING.
  5571 | D:7      | 5571 ||| FLEEEEING.
  5578 | D:7      | 5578 ||| STAIRDANCE
  5621 | D:6      | 5621 ||| READING 3 scrolls of identify.
  5621 | D:6      | 5621 ||| IDENTIFYING fizzy dark potion
  5622 | D:6      | 5622 ||| READING 2 scrolls of identify.
  5622 | D:6      | 5622 ||| IDENTIFYING bubbling amethyst potion
  5623 | D:6      | 5623 ||| DROPPING potion of berserk rage.
  5636 | D:7      | 5636 ||| Stepping ~*~*~tactically~*~*~ (outnumbered).
  5638 | D:7      | 5638 ||| Stepping ~*~*~tactically~*~*~ (outnumbered).
  5648 | D:7      | 5648 ||| DRINKING 2 potions of curing.
  5648 | D:7      | 5648 ||| (to cure confusion)
  5658 | D:7      | Identified the +2 mace of the Stork {heavy, +Blink rC+}
  5693 | D:7      | 5693 ||| INVOKING Heroism.
  5694 | D:7      | 5694 ||| Stepping ~*~*~tactically~*~*~ (cloud).
  5704 | D:7      | Noticed Menkaure
  5709 | D:7      | Killed Menkaure
  6154 | D:8      | 6154 ||| INVOKING Heroism.
  6196 | D:8      | Reached skill level 15 in Ranged Weapons
  6207 | D:8      | 6207 ||| INVOKING Heroism.
  6210 | D:8      | HP: 10/50 [killer bee (5)]
  6211 | D:8      | 6211 ||| DRINKING 4 potions of heal wounds.
  6215 | D:8      | HP: 9/50 [killer bee (6)]
  6216 | D:8      | 6216 ||| DRINKING 3 potions of heal wounds.
  6222 | D:8      | HP: 11/51 [poisoned by a killer bee]
  6223 | D:8      | 6223 ||| DRINKING 2 potions of heal wounds.
  6273 | D:8      | 6273 ||| INVOKING Heroism.
  6418 | D:8      | Noticed a troll
  6419 | D:8      | 6419 ||| INVOKING Heroism.
  6422 | D:8      | Killed a troll
  6433 | D:8      | Found a hide-covered altar of Uskayaw.
  6439 | D:8      | Found an ornate altar of the Wu Jian Council.
  6440 | D:8      | Found a glowing silver altar of Zin.
  6442 | D:8      | Found a glowing golden altar of the Shining One.
  6442 | D:8      | Found a burning altar of Makhleb.
  6443 | D:8      | Found a sacrificial altar of Ru.
  6449 | D:8      | Found a snail-covered altar of Cheibriados.
  6980 | D:8      | 6980 ||| DROPPING ring of willpower.
  6981 | D:8      | 6981 ||| READING scroll labelled WUITRA AREA.
  6982 | D:8      | 6982 ||| READING 2 scrolls labelled OBLAGA ZOOREIQ.
  6983 | D:8      | 6983 ||| READING 4 scrolls of identify.
  6983 | D:8      | 6983 ||| IDENTIFYING cyan potion
  6984 | D:8      | 6984 ||| READING 3 scrolls of identify.
  6984 | D:8      | 6984 ||| IDENTIFYING metallic ruby potion
  6985 | D:8      | 6985 ||| READING 2 scrolls of identify.
  6985 | D:8      | 6985 ||| IDENTIFYING brown potion
  6986 | D:8      | 6986 ||| DROPPING potion of degeneration.
  6987 | D:8      | 6987 ||| DROPPING scroll of immolation.
  7019 | D:9      | 7019 ||| STAIRDANCE
  7023 | D:8      | Reached skill level 16 in Ranged Weapons
  7088 | D:9      | Reached ** piety under Okawaru
  7091 | D:9      | Reached XP level 10. HP: 40/56 MP: 15/15
  7092 | D:9      | 7092 ||| INVOKING Heroism.
  7227 | D:9      | Reached skill level 6 in Dodging
  7612 | D:9      | Found a stormy altar of Qazlal.
  7687 | D:9      | 7687 ||| READING scroll labelled HYSTRAU TATT.
  7700 | D:10     | Entered Level 10 of the Dungeon
  7743 | D:10     | Found an opulent altar of Gozag.
  7774 | D:10     | 7774 ||| READING scroll of enchant armour.
  7774 | D:10     | 7774 ||| ENCHANTING +0 ring mail.
  7779 | D:10     | 7779 ||| FLEEEEING.
  7780 | D:10     | 7780 ||| FLEEEEING.
  7781 | D:10     | 7781 ||| FLEEEEING.
  7980 | D:10     | Reached skill level 3 in Armour
  8005 | D:10     | Reached *** piety under Okawaru
  8174 | D:10     | 8174 ||| INVOKING Heroism.
  8314 | D:10     | Reached skill level 6 in Fighting
  8686 | D:10     | 8686 ||| READING scroll labelled IGIDDI YFEEGG.
  8747 | D:11     | Found a blossoming altar of Fedhas.
  8807 | D:11     | Found a staircase to the Orcish Mines.
  8854 | D:11     | Found a large runed translucent door.
  8854 | D:11     | Found a large runed translucent door.
  8857 | D:11     | Noticed qw's ghost (journeyman DEHu)
  8909 | D:11     | Reached skill level 9 in Dodging
  8915 | D:11     | Noticed a cyclops
  8916 | D:11     | 8916 ||| FLEEEEING.
  8918 | D:11     | Noticed a cyclops
  8919 | D:11     | 8919 ||| FLEEEEING.
  8920 | D:11     | 8920 ||| FLEEEEING.
  8939 | D:11     | 8939 ||| INVOKING Heroism.
  8944 | D:11     | Killed a cyclops
  8946 | D:11     | HP: 14/61 [cyclops (17)]
  8947 | D:11     | 8947 ||| READING scroll of teleportation.
  8948 | D:11     | 8948 ||| DRINKING 2 potions of heal wounds.
  8951 | D:11     | Killed a cyclops
  8952 | D:11     | Reached XP level 11. HP: 49/66 MP: 14/16
  9051 | D:11     | 9051 ||| INVOKING Heroism.
  9065 | D:11     | Found a staircase to the Lair.
  9068 | D:11     | 9068 ||| INVOKING Heroism.
  9090 | D:11     | 9090 ||| Stepping ~*~*~tactically~*~*~ (water).
  9093 | D:11     | 9093 ||| INVOKING Heroism.
  9209 | D:11     | 9209 ||| INVOKING Heroism.
  9247 | D:11     | 9247 ||| READING scroll of brand weapon.
  9247 | D:11     | 9247 ||| BRANDING +4 orcbow of freezing.
  9256 | D:11     | Noticed a boulder beetle
  9257 | D:11     | 9257 ||| INVOKING Heroism.
  9258 | D:11     | 9258 ||| Stepping ~*~*~tactically~*~*~ (outnumbered).
  9286 | D:11     | 9286 ||| INVOKING Heroism.
  9290 | D:11     | Killed a boulder beetle
  9502 | D:11     | Noticed a two-headed ogre
  9503 | D:11     | 9503 ||| INVOKING Heroism.
  9509 | D:11     | Killed a two-headed ogre
  9627 | D:11     | 9627 ||| UPGRADING to +0 troll leather armour.
  9637 | D:11     | 9637 ||| PLANNING LAIR
  9637 | D:11     | 9637 ||| DROPPING +1 ring mail.
  9687 | Lair:1   | Entered Level 1 of the Lair of Beasts
  9688 | Lair:1   | 9688 ||| PLANNING GAUNTLET
  9698 | Lair:1   | 9698 ||| INVOKING Heroism.
  9730 | Lair:1   | 9730 ||| INVOKING Heroism.
  9775 | Lair:1   | 9775 ||| INVOKING Heroism.
  9794 | Lair:1   | Reached **** piety under Okawaru
  9844 | Lair:1   | 9844 ||| INVOKING Heroism.
  9866 | Lair:1   | 9866 ||| INVOKING Heroism.
  9897 | Lair:1   | Identified the +2 morningstar "Ubuthep" {vamp, MP+9 Str+5
                  | Int-3}
  9934 | Lair:1   | 9934 ||| INVOKING Heroism.
  9967 | Lair:1   | 9967 ||| INVOKING Heroism.
  9970 | Lair:1   | Noticed Grum
  9980 | Lair:1   | Killed Grum
 10001 | Lair:1   | Noticed Joseph
 10006 | Lair:1   | Killed Joseph
 10031 | Lair:1   | Found a gate leading to a gauntlet.
 10032 | Lair:1   | 10032 ||| READING 4 scrolls of identify.
 10032 | Lair:1   | 10032 ||| IDENTIFYING purple potion
 10033 | Lair:1   | 10033 ||| DROPPING potion of lignification.
 10042 | Gauntlet | Entered a Gauntlet
 10042 | Gauntlet | Found a large runed translucent door.
 10042 | Gauntlet | Found a large runed translucent door.
 10042 | Gauntlet | Found a large runed translucent door.
 10042 | Gauntlet | Found a large runed translucent door.
 10042 | Gauntlet | Found a large runed translucent door.
 10042 | Gauntlet | Found a large runed translucent door.
 10042 | Gauntlet | Found a runed translucent door.
 10042 | Gauntlet | Found a transporter.
 10042 | Gauntlet | Found a transporter.
 10042 | Gauntlet | Found a runed translucent door.
 10042 | Gauntlet | Found a large runed translucent door.
 10042 | Gauntlet | Found a large runed translucent door.
 10042 | Gauntlet | Found a large runed translucent door.
 10042 | Gauntlet | Found a large runed translucent door.
 10042 | Gauntlet | Found a large runed translucent door.
 10042 | Gauntlet | Found a large runed translucent door.
 10046 | Gauntlet | Found a transporter.
 10046 | Gauntlet | Found a transporter.
 10050 | Gauntlet | Found a large runed translucent door.
 10050 | Gauntlet | Found a large runed translucent door.
 10051 | Gauntlet | Found a runed translucent gate.
 10051 | Gauntlet | Found a runed translucent gate.
 10051 | Gauntlet | Found a runed translucent gate.
 10056 | Gauntlet | Found a transporter.
 10057 | Gauntlet | Noticed a soul eater
 10063 | Gauntlet | Noticed a thrashing horror
 10066 | Gauntlet | Found a transporter.
 10066 | Gauntlet | Found a transporter.
 10076 | Gauntlet | Noticed a fire crab
 10090 | Gauntlet | Found a transporter.
 10097 | Gauntlet | Found a transporter.
 10109 | Gauntlet | Found a transporter.
 10143 | Gauntlet | Found a transporter.
 10157 | Gauntlet | Found a large runed translucent door.
 10158 | Gauntlet | Found a large runed translucent door.
 10185 | Gauntlet | Found a transporter.
 10199 | Gauntlet | Found a transporter.
 10287 | Gauntlet | Found a transporter.
 10301 | Gauntlet | Found a transporter.
 10315 | Gauntlet | Found a transporter.
 10408 | Gauntlet | 10408 ||| INVOKING Heroism.
 10412 | Gauntlet | Reached skill level 12 in Dodging
 10421 | Gauntlet | 10421 ||| Stepping ~*~*~tactically~*~*~ (cloud).
 10439 | Gauntlet | 10439 ||| Stepping ~*~*~tactically~*~*~ (cloud).
 10441 | Gauntlet | 10441 ||| INVOKING Heroism.
 10446 | Gauntlet | 10446 ||| Stepping randomly (stuck).
 10447 | Gauntlet | 10447 ||| Stepping randomly (stuck).
 10510 | Gauntlet | 10510 ||| INVOKING Heroism.
 10518 | Gauntlet | Killed a soul eater
 10519 | Gauntlet | Reached XP level 12. HP: 28/75 MP: 16/18
 10580 | Gauntlet | 10580 ||| DROPPING +0 cloak of stealth.
 10599 | Gauntlet | 10599 ||| Stepping ~*~*~tactically~*~*~ (cloud).
 10607 | Gauntlet | 10607 ||| INVOKING Heroism.
 10611 | Gauntlet | HP: 12/75 [fire crab] (8)]
 10612 | Gauntlet | 10612 ||| DRINKING 2 potions of heal wounds.
 10613 | Gauntlet | 10613 ||| Stepping ~*~*~tactically~*~*~ (cloud).
 10614 | Gauntlet | Killed from afar by a hell hound

Levels and vault maps discovered:
D:1:      saegor_arrival_simple_d, layout_rooms, serial_glass, glass_columns_a,
          glass_columns_b, ebering_ecumenical_altar_mist,
          amcnicky_mini_pool_small
D:2:      layout_rooms, serial_co_window_serial, co_window_corner_a,
          co_window_paths_b, co_window_paths_a, co_window_of_opportunity_a,
          co_window_cross_1, co_window_corner_a, co_window_paths_a,
          co_window_paths_a, co_window_corner_a, co_window_corner_cb,
          co_window_paths_c, co_window_corner_ca, co_window_broadway_b,
          glass_columns_a, glass_columns_b, glass_columns_b, glass_columns_a,
          basic_altar
D:3:      layout_rooms, serial_bayou_pond_d, dreamdust_princess_bridge,
          minmay_misc_feat_roman, minmay_goblin_outpost
D:4:      layout_loops_corners, mainiacjoe_overflow_alcove_1, minmay_manual_maat
D:5:      layout_gridville, grunt_dithmenos_smoke, serial_shops,
          nicolae_shop_industrial_runoff, uniq_ijyb
D:6:      layout_basic, nzn_overflow_gifts_of_might_and_magic,
          minmay_temple_entry_fiery
D:7:      layout_loops_ring, kennysheep_generic_room_13, uniq_maggie,
          uniq_menkaure, uniq_duvessa
D:8:      layout_gridville, nicolae_overflow_hallway_of_the_gods
D:9:      layout_gridville, amcnicky_altar_gilded
D:10:     layout_stronghold, nicolae_gozag_cash_rules_everything_around_me
D:11:     layout_roguey, erik_lair_island, orc_0_dummy,
          ebering_ghost_disaster_area, fedhas_bush_and_centaur_altar
Lair:1:   layout_cave_shapes, gauntlet_entry_generic, uniq_grum, uniq_nergalle,
          uniq_joseph
Gauntlet: gammafunk_gauntlet_branching [gammafunk_gauntlet_arena_teeth,
          minmay_gauntlet_arena_make_your_own_arena,
          nicolae_gauntlet_arena_t_cross, gammafunk_gauntlet_arena_mazey,
          gammafunk_gauntlet_arena_open, gammafunk_gauntlet_arena_hedges,
          gammafunk_gauntlet_arena_grid, gammafunk_gauntlet_arena_arrow_garden,
          dreamdust_gauntlet_exit_labyrinth]

Skill      XL: |  1  2  3  4  5  6  7  8  9 10 11 |
---------------+----------------------------------+-----
Ranged Weapons | 6 7 8 9 11 13 16 | 16.1
Dodging        | 3 4 5 9 12 | 12.0
Fighting       | 2 3 4 6 8 |  8.5
Armour         | 1 2 3 |  3.9
Invocations    | 2 4 5 |  5.8
Stealth        | |  1.2

Action                     |  1- 3 |  4- 6 |  7- 9 | 10-12 || total
---------------------------+-------+-------+-------+-------++-------
   Fire: Shortbow          |   145 |   151 |       |       ||   296
         Orcbow            |       |    24 |   316 |   490 ||   830
 Invoke: Heroism           |       |       |    14 |    21 ||    35
    Use: Scroll            |     3 |     3 |    16 |     6 ||    28
         Potion            |       |     1 |     5 |     2 ||     8
 Armour: Leather armour    |     9 |     7 |       |       ||    16
         Ring mail         |       |       |    75 |    20 ||    95
         Troll leather arm |       |       |       |    31 ||    31
  Dodge: Dodged            |    20 |    70 |   271 |   319 ||   680

Table legend:
 A = Non-vault XP
 B = Vault XP
 C = Vault XP percentage of total XP
 D = Non-vault monster count
 E = Vault monster count
 F = Vault count percentage of total count
                 A         B        C        D         E       F
            +---------+---------+-------+---------+---------+-------
      Total |   17810 |    4722 |  21.0 |     253 |      34 |  11.8
            +---------+---------+-------+---------+---------+-------
        D:1 |      51 |       0 |   0.0 |      28 |       0 |   0.0
        D:2 |      60 |       0 |   0.0 |      20 |       0 |   0.0
        D:3 |      95 |       8 |   7.8 |      26 |       4 |  13.3
        D:4 |     285 |     110 |  27.8 |      21 |       2 |   8.7
        D:5 |     461 |      39 |   7.8 |      10 |       1 |   9.1
        D:6 |    1050 |     172 |  14.1 |      20 |       2 |   9.1
        D:7 |     712 |     802 |  53.0 |      14 |       5 |  26.3
        D:8 |    1513 |       0 |   0.0 |      20 |       0 |   0.0
        D:9 |    1676 |       0 |   0.0 |      24 |       0 |   0.0
       D:10 |    2150 |       0 |   0.0 |      19 |       0 |   0.0
       D:11 |    4173 |     703 |  14.4 |      23 |       7 |  23.3
     Lair:1 |    5584 |     851 |  13.2 |      28 |       4 |  12.5
   Gauntlet |       0 |    2037 | 100.0 |       0 |       9 | 100.0
            +---------+---------+-------+---------+---------+-------
